cohdb
Replays
Latest Replays
All Replays
Popular Replays
Top Player Replays
Match Explorer
How It Works
Community
CoH3 Stats
Reddit
Sign in to upload your games and track your stats! →
Sign in with Steam
Match 42563064
Unlisted
Match 42563064
Overview
Messages
Build Orders
End
Kradschützen Motorcycle Team
Selects Panzerjäger Kommand Battlegroup
Selects Mine Fields
Panzergrenadier Squad
250 Light Carrier
Construct Light Support Kompanie
MG34 Team
Selects GrB 39 Grenade Launcher Requisition
Fire Support Elements
Panzerjäger Squad
Flakvierling Half-track
le.IG 18 Mechanized Group
Pak 38 Anti-tank Gun Team
Selects Defensive Positions
Construct Panzerarmee Kommand
MG34 Team
Selects Butterfly Bomb Drop
Armored Reserves
Panzerpioneer Squad
Butterfly Bomb Drop
Selects Crew Shock Tactics
MG34 Team
Butterfly Bomb Drop
Butterfly Bomb Drop
Tiger Heavy Tank
Emergency Repair Kits
MG34 Team
Selects Anti-tank Overwatch
Walking Stuka Rocket Launcher
Butterfly Bomb Drop
Flak 36 Anti-tank Gun Team
Anti-tank Overwatch
LLDK80
Valdai
Sailor
jssam1234
我需要重新集结部队
AD
玉米
咕咕,咕咕咕?
0
0
Comments
sign in to comment!
No comments posted yet!